Map: Prion Terraces

Players

Aquila - Winner!

  • Race: Terran Terran
  • League: Master

Madera

  • Race: Terran Terran
  • League: Master

VOD

Have the link to the VOD?

Description

Time

  • Played on: Feb. 6, 2016, 3:20 p.m.
  • Length: 22:00
Show
View Real Time Build Order
Export as new Build Order

Aquila Terran - Winner!

Build Orders: Reaper Expand 

Get SALT Encoding   

  12  0:00  SCV  
  13  0:13  SCV  
  14  0:18  Supply Depot  
  14  0:25  SCV  
  15  0:39  SCV  
  16  0:44  Barracks  
  16  0:48  Refinery  
  16  0:51  SCV  
  17  1:03  SCV  
  18  1:15  SCV  
  19  1:31  Orbital Command, Reaper  
  20  1:49  Command Center  
  20  1:57  SCV  
  20  2:01  Supply Depot  
  21  2:04  Reaper  
  22  2:09  SCV  
  22  2:21  SCV  
  23  2:28  Factory  
  23  2:33  SCV  
  24  2:45  SCV  
  24  2:46  Barracks Reactor  
  25  2:55  Command Center  
  25  2:57  SCV  
  26  3:09  SCV  
  27  3:15  Orbital Command  
  27  3:20  Refinery  
  27  3:21  SCV  
  28  3:29  Hellion x2, Starport  
  28  3:33  SCV  
  33  3:43  SCV  
  33  3:46  SCV  
  33  3:47  Supply Depot  
  35  3:51  Hellion x2  
  39  3:56  SCV  
  39  3:58  SCV  
  40  4:09  SCV  
  42  4:10  Medivac, SCV  
  42  4:12  Orbital Command  
  42  4:13  Hellion  
  42  4:14  Hellion  
  47  4:21  SCV  
  47  4:22  SCV  
  49  4:24  Factory  
  49  4:28  Barracks Reactor  
  49  4:33  SCV  
  49  4:34  SCV  
  49  4:35  Hellion x2  
  55  4:38  SCV  
  55  4:44  Viking  
  58  4:45  SCV  
  58  4:46  SCV  
  58  4:50  SCV  
  61  4:53  Supply Depot  
  61  4:54  Supply Depot  
  61  4:56  Hellion  
  61  4:57  Hellion  
  61  4:58  SCV  
  66  5:05  SCV x2  
  64  5:14  Hellion  
  64  5:18  Hellion  
  64  5:19  Hellion  
  60  5:36  Hellion  
  60  5:38  Viking  
  60  5:39  Hellion  
  60  5:40  Hellion  
  65  5:57  Factory Tech Lab  
  65  6:00  Hellion  
  65  6:01  Supply Depot  
  65  6:02  SCV  
  65  6:03  Refinery  
  65  6:04  Refinery, SCV x2  
  70  6:14  SCV  
  70  6:16  SCV  
  72  6:20  Infernal Pre-Igniter  
  72  6:21  Hellion, Viking  
  72  6:23  Hellion x2, Orbital Command  
  79  6:31  SCV x2  
  81  6:37  Armory  
  81  6:42  Hellion  
  81  6:43  SCV x2  
  81  6:45  Hellion x2  
  89  6:49  SCV  
  89  6:53  Medivac  
  92  6:55  SCV  
  93  7:04  Supply Depot x2  
  93  7:05  Supply Depot x2  
  93  7:11  Supply Depot  
  93  7:12  Supply Depot  
  93  7:16  Engineering Bay  
  93  7:17  Refinery x2  
  93  7:25  Medivac x2  
  93  7:26  Hellion x3, SCV x3  
  106  7:32  Factory  
  106  7:38  SCV x3  
  109  7:47  Hellion  
  109  7:48  Hellion  
  109  7:50  SCV x3  
  116  8:00  Hellion, Viking  
  116  8:01  Viking  
  116  8:02  SCV x3  
  123  8:08  Siege Tank  
  123  8:09  Hellion  
  128  8:14  SCV  
  125  8:21  Factory Tech Lab  
  125  8:28  Armory  
  125  8:30  Armory  
  125  8:31  SCV x3  
  128  8:36  Command Center  
  128  8:40  Starport x2, Siege Tank x2  
  138  8:41  Hellion x2, Viking  
  138  8:43  SCV  
  138  8:47  Supply Depot x2  
  138  8:48  Supply Depot  
  141  8:56  Missile Turret  
  141  8:59  Missile Turret  
  141  9:01  Missile Turret  
  141  9:02  Missile Turret  
  141  9:05  Missile Turret  
  141  9:08  SCV x3  
  141  9:09  Missile Turret  
  144  9:15  Siege Tank x2  
  148  9:17  Terran Vehicle And Ship Armor Level 1, Terran Vehicle Weapons Level 1  
  146  9:29  Starport Tech Lab x2  
  146  9:30  Viking x2  
  140  9:48  Siege Tank x2  
  140  9:49  Hellion x2  
  140  9:50  Viking x2  
  122  10:00  Viking x2  
  114  10:10  Hellion x2  
  118  10:20  Missile Turret, Viking x2, Siege Tank x2  
  128  10:21  Missile Turret  
  128  10:22  Missile Turret  
  128  10:24  Command Center  
  128  10:29  Missile Turret  
  128  10:30  Missile Turret  
  128  10:31  Missile Turret  
  128  10:32  Missile Turret, Viking x2  
  128  10:34  Hellion  
  128  10:35  Hellion  
  136  10:40  Planetary Fortress  
  136  10:50  Viking x2  
  140  11:00  Sensor Tower  
  140  11:04  Siege Tank x2  
  140  11:05  Hellion x2  
  150  11:20  Sensor Tower  
  150  11:24  Command Center  
  150  11:27  Sensor Tower  
  150  11:31  Missile Turret  
  150  11:38  Terran Vehicle And Ship Armor Level 2  
  150  11:39  Missile Turret x2, Terran Ship Weapons Level 1  
  150  11:40  Missile Turret  
  150  11:43  Refinery  
  150  11:45  Refinery  
  144  11:53  Hellion x5  
  144  11:59  Raven  
  144  12:00  Raven  
  148  12:04  Hellion x3  
  148  12:05  Hellion  
  156  12:21  Command Center  
  156  12:29  Refinery  
  156  12:32  Viking x2  
  156  12:34  Siege Tank  
  156  12:35  Hellion x3  
  169  12:38  Refinery  
  169  12:42  Raven x2  
  163  12:56  Hellion  
  163  12:57  Planetary Fortress  
  164  13:25  Raven x2  
  168  13:35  Missile Turret  
  168  13:36  Missile Turret x2  
  168  13:37  Missile Turret  
  168  13:41  Planetary Fortress  
  168  13:44  Hellion x4, Building Armor  
  168  13:51  Terran Vehicle Weapons Level 2  
  168  13:55  Terran Vehicle And Ship Armor Level 3  
  168  14:02  Siege Tank x2  
  174  14:08  Raven x2  
  178  14:48  Missile Turret  
  178  14:51  Raven x2  
  182  14:57  Viking  
  182  14:58  Viking  
  186  15:08  Missile Turret  
  186  15:33  Missile Turret  
  186  15:34  Raven x2  
  187  15:37  Viking x2  
  177  16:15  Viking x2  
  177  16:16  Raven x2  
  181  16:22  Starport x2  
  181  16:24  Starport  
  179  16:45  Viking x2  
  183  16:48  Sensor Tower  
  183  16:55  Terran Ship Weapons Level 2  
  183  16:57  Terran Vehicle Weapons Level 3  
  183  16:59  Raven x2  
  187  17:08  Missile Turret  
  187  17:26  Starport Tech Lab x3  
  187  17:27  Viking x2  
  187  17:28  Missile Turret  
  191  17:35  Missile Turret  
  191  17:36  Missile Turret  
  191  17:38  Missile Turret  
  191  17:42  Missile Turret, Raven x2  
  195  17:44  Missile Turret x2  
  195  17:46  Missile Turret, Raven x2  
  199  18:15  Missile Turret  
  199  18:17  Missile Turret x2  
  199  18:18  Planetary Fortress  
  199  18:19  Missile Turret  
  199  18:20  Missile Turret  
  199  19:01  Missile Turret  
  199  19:02  Missile Turret x2  
  199  19:03  Sensor Tower, Refinery  
  199  19:04  Refinery  
  193  20:03  Raven  
  193  20:04  Raven x2  
  199  20:19  Hi-Sec Auto Tracking  
  199  20:22  Corvid Reactor  
  199  20:23  Explosive Shrapnel Shells  
  199  20:37  Command Center  
  199  20:41  Command Center  
  199  20:42  Command Center  
  199  20:44  Command Center  
  199  20:45  Command Center  
  199  21:11  Missile Turret  
  199  21:12  Missile Turret  
  199  21:13  Missile Turret  
  199  21:14  Missile Turret x2  
  199  21:17  Missile Turret  
  199  21:28  Missile Turret  
  199  21:29  Missile Turret x2  
Show
View Real Time Build Order
Export as new Build Order

Madera Terran 

Build Orders: Reaper Expand, MMM Bio 

Get SALT Encoding   

  12  0:01  SCV  
  13  0:13  SCV  
  14  0:17  Supply Depot  
  14  0:25  SCV  
  15  0:39  SCV  
  15  0:40  Barracks  
  16  0:51  SCV  
  16  0:53  Refinery  
  17  1:03  SCV  
  18  1:15  SCV  
  19  1:28  Orbital Command  
  19  1:38  Command Center  
  19  1:41  Reaper  
  20  1:53  Supply Depot  
  20  1:56  SCV  
  21  2:08  SCV  
  21  2:13  Marine  
  22  2:18  Factory  
  22  2:21  Refinery  
  22  2:26  SCV  
  23  2:31  Marine  
  24  2:38  SCV  
  25  2:49  Marine  
  25  2:50  SCV  
  27  2:53  Orbital Command  
  27  3:02  SCV  
  28  3:14  SCV  
  28  3:16  Widow Mine, Marine  
  32  3:20  Starport, SCV  
  32  3:26  SCV  
  34  3:32  SCV  
  35  3:34  Marine  
  35  3:38  SCV  
  37  3:44  SCV  
  37  3:51  SCV  
  37  3:54  Supply Depot  
  37  3:55  Factory Reactor  
  38  3:56  SCV  
  38  3:57  Medivac  
  38  3:59  Barracks  
  38  4:02  Barracks  
  41  4:06  Marine  
  41  4:07  SCV  
  41  4:08  SCV  
  43  4:10  Liberator  
  43  4:19  SCV  
  43  4:20  SCV  
  45  4:24  Command Center  
  48  4:33  SCV x2  
  48  4:36  Supply Depot  
  50  4:45  Factory Tech Lab, SCV  
  50  4:46  Supply Depot, SCV  
  50  4:49  Barracks Tech Lab  
  50  4:50  Barracks Tech Lab, Marine x2  
  54  4:58  SCV x2  
  55  5:08  Marine x2  
  52  5:14  Marine x2  
  52  5:28  Marine x2  
  52  5:29  Stimpack, Combat Shields  
  52  5:32  Marine  
  52  5:35  SCV x2  
  53  5:44  Marine  
  53  5:45  Siege Tank  
  53  5:46  Marine x2  
  59  5:52  Marine  
  59  5:53  SCV x2  
  60  6:01  Refinery x2  
  60  6:02  Marine  
  61  6:05  SCV x2  
  61  6:07  Marine x2  
  61  6:09  Starport Reactor  
  65  6:14  Orbital Command  
  65  6:17  SCV  
  66  6:23  Siege Tank  
  66  6:29  Supply Depot  
  66  6:31  Engineering Bay, SCV x2  
  68  6:36  Refinery x2  
  68  6:40  Marauder x2  
  68  6:41  Marine  
  68  6:42  Marine  
  68  6:43  SCV x2  
  76  6:51  Medivac x2  
  80  6:55  SCV  
  80  6:56  SCV x2  
  82  7:02  Siege Tank  
  82  7:03  Marauder  
  82  7:04  Marauder  
  82  7:07  Marine x2, SCV  
  92  7:08  SCV  
  93  7:15  Supply Depot, SCV  
  93  7:16  Supply Depot  
  93  7:18  Supply Depot  
  93  7:19  SCV  
  93  7:20  SCV  
  96  7:24  Medivac  
  96  7:25  Medivac  
  96  7:27  SCV  
  101  7:37  Siege Tank, SCV x2  
  101  7:38  Marauder x2, Marine x2  
  101  7:42  Supply Depot  
  112  7:45  Supply Depot  
  111  7:53  SCV  
  111  7:54  SCV x2  
  111  7:56  Marine x2  
  116  8:02  Terran Infantry Weapons Level 1  
  116  8:06  SCV x3  
  116  8:09  Marauder x2  
  117  8:13  Marine  
  117  8:15  Marine  
  117  8:18  Command Center  
  109  8:21  Barracks  
  109  8:22  Barracks  
  109  8:24  SCV x3  
  109  8:26  Barracks  
  112  8:30  Marine  
  113  8:37  Missile Turret x2  
  113  8:38  SCV x3  
  113  8:39  Missile Turret  
  116  8:44  Viking x2  
  120  8:50  SCV x2  
  120  8:54  Marine  
  120  8:55  Marauder x2, Marine  
  128  8:58  Siege Tank  
  131  9:05  Starport  
  131  9:06  Starport  
  131  9:09  Starport  
  131  9:11  SCV x3  
  131  9:12  Marine x2  
  131  9:16  Marauder  
  136  9:22  Barracks Tech Lab, Refinery x2  
  136  9:23  Barracks Tech Lab x2  
  135  9:24  Marauder  
  135  9:30  Siege Tank, Marine x2  
  140  9:37  Marauder  
  142  9:45  Missile Turret x3, Marauder  
  138  9:48  Marine x2  
  138  9:49  Marauder x3  
  127  9:59  Marauder  
  115  10:06  Marine x2  
  117  10:07  Planetary Fortress, Marauder  
  117  10:10  Marauder, Marine  
  117  10:11  Marauder, Starport Tech Lab x3  
  122  10:15  Siege Tank  
  122  10:16  Fusion Core  
  122  10:20  Marine  
  126  10:23  Marine  
  126  10:26  Missile Turret  
  126  10:27  Missile Turret  
  129  10:28  Marauder x2  
  129  10:29  Medivac x2  
  129  10:30  Missile Turret  
  129  10:32  Marauder  
  129  10:33  Viking x3  
  129  10:35  SCV x3  
  146  10:47  SCV  
  147  10:58  Supply Depot x2  
  147  11:00  Supply Depot  
  147  11:01  Supply Depot  
  147  11:07  Viking x4  
  155  11:16  Command Center  
  155  11:17  Behemoth Reactor  
  155  11:20  Siege Tank  
  155  11:24  Supply Depot  
  155  11:25  Supply Depot x3  
  158  11:28  Viking  
  160  11:37  Viking x2  
  164  11:47  Viking x2  
  160  11:53  Armory  
  162  11:55  Armory  
  162  11:58  Viking  
  164  12:07  Viking x2  
  168  12:12  Starport  
  168  12:13  Starport x2  
  168  12:17  Viking  
  168  12:21  Siege Tank  
  173  12:23  Raven  
  173  12:27  Raven  
  177  12:40  Planetary Fortress  
  177  12:44  Refinery  
  177  12:46  Raven  
  177  12:50  Starport Tech Lab x2  
  179  12:53  Terran Vehicle And Ship Armor Level 1, Terran Ship Weapons Level 1  
  179  13:00  Siege Tank  
  179  13:04  Refinery  
  182  13:06  Missile Turret, Command Center, Raven  
  182  13:07  Missile Turret  
  182  13:10  Missile Turret, Raven  
  182  13:11  Missile Turret  
  186  13:13  Sensor Tower  
  186  13:16  Missile Turret  
  186  13:18  Missile Turret, Sensor Tower  
  186  13:19  Missile Turret x2  
  186  13:20  Missile Turret  
  186  13:21  Missile Turret  
  186  13:22  SCV  
  186  13:24  Missile Turret  
  187  13:29  Raven  
  187  13:31  Battlecruiser  
  186  13:35  Battlecruiser  
  186  13:37  Missile Turret  
  186  13:38  Missile Turret  
  186  13:40  Missile Turret  
  192  13:42  Missile Turret  
  192  13:43  Missile Turret  
  192  13:51  Starport Tech Lab  
  192  13:52  Battlecruiser  
  198  14:07  Raven  
  193  14:18  Battlecruiser  
  197  14:49  Command Center  
  197  15:01  Missile Turret x2  
  197  15:02  Missile Turret x3  
  197  15:03  Missile Turret  
  197  15:04  Missile Turret x2  
  197  15:07  Missile Turret  
  197  15:12  Terran Vehicle And Ship Armor Level 2, Terran Ship Weapons Level 2  
  197  15:18  Weapon Refit  
  194  15:22  Missile Turret  
  194  15:23  Battlecruiser  
  195  15:40  Planetary Fortress  
  192  15:49  Battlecruiser  
  186  16:05  Viking, Battlecruiser x2  
  186  16:22  Planetary Fortress  
  186  16:30  Raven x3  
  192  16:33  Viking  
  192  16:35  Viking  
  193  16:45  Refinery  
  193  16:46  Refinery  
  193  16:53  Raven  
  195  17:03  Viking  
  195  17:05  Viking  
  186  17:27  Viking x2  
  186  17:28  Viking x3  
  192  17:33  Viking  
  192  17:35  Viking  
  192  17:36  Viking  
  198  17:43  Corvid Reactor  
  198  17:45  Explosive Shrapnel Shells  
  198  17:57  Viking  
  187  18:41  Battlecruiser x3  
  190  18:49  Viking x4  
  190  18:50  Viking  
  190  18:53  Terran Ship Weapons Level 3, Terran Vehicle And Ship Armor Level 3  
  194  19:19  Viking x3  
  200  19:25  Refinery  
  200  19:27  Refinery  
  189  20:04  Viking x3  
  189  20:05  Viking x2  
  193  21:19  Orbital Command  
Tags
 
Add a new tag
Caveats
  • Supply blocks, unpowered buildings, or Contaminate may cause inaccurate times.
  • Supply counts are checked every 10 seconds.